 Dungeon Crawl Stone Soup version 0.22.0-16-gc6d26f6 (webtiles) character file.

302 Americanboy the Covered (level 6, 8/50 HPs)
             Began as a Minotaur Fighter on Aug 17, 2018.
             Quit the game on level 3 of the Dungeon.
             The game lasted 00:07:27 (1599 turns).

Americanboy the Covered (Minotaur Fighter)          Turns: 1599, Time: 00:07:28

Health: 8/50       AC:  7    Str: 25 (27) XL:     6   Next: 14%
Magic:  5/5        EV:  8    Int:  3 (5)  God:
Gold:   77         SH: 11    Dex:  9 (10) Spells: 5/5 levels left

rFire    . . .     SeeInvis .   q - +1 dagger (elec)
rCold    . . .     Gourm    .   c - +1 shield
rNeg     . . .     Faith    .   b - +0 scale mail
rPois    .         Spirit   .   (helmet restricted)
rElec    .         Reflect  .   (no cloak)
rCorr    .         Harm     .   (no gloves)
MR       .....                  (no boots)
Stlth    ..........             (no amulet)
HPRegen  0.16/turn              g - +5 ring of strength
MPRegen  0.09/turn              (no ring)

@: no status effects
A: retaliatory headbutt, horns 2, talons 1, frail 1
a: no special abilities


You were on level 3 of the Dungeon.
You were not hungry.

You visited 1 branch of the dungeon, and saw 3 of its levels.

You collected 77 gold pieces.

Inventory:

Hand Weapons
 a - a +0 war axe
 q - a +1 dagger of electrocution (weapon)
Armour
 b - a +0 scale mail (worn)
 c - a +1 shield (worn)
Jewellery
 e - an uncursed amulet of the gourmand
 g - a +5 ring of strength (left hand)
 h - an uncursed amulet of the gourmand
 j - an uncursed ring of ice {unknown}
 k - a +3 ring of dexterity {unknown}
Scrolls
 l - a scroll of teleportation
 n - a scroll of enchant armour
 p - a scroll of amnesia
Potions
 d - a potion of might
 i - a potion of haste
 m - a potion of curing
Comestibles
 f - 2 rations


   Skills:
 * Level 5.0 Fighting
 * Level 0.8 Short Blades
 - Level 4.9 Axes
 + Level 5.0 Armour
 + Level 1.3 Dodging
 + Level 4.6 Shields


You had 5 spell levels left.
You didn't know any spells.
Your spell library was empty.

Dungeon Overview and Level Annotations

Branches:
Dungeon (3/15)

Altars:
Makhleb


Innate Abilities, Weirdness & Mutations

You reflexively headbutt those who attack you in melee.
You have a pair of horns on your head.
You have sharp toenails.
You are frail. (-10% HP)


Message History

You hit the orc priest. Your kick misses the orc priest.
The orc priest is lightly wounded.
The orc priest hits you with a hand axe.
* * * LOW HITPOINT WARNING * * *
You hit the orc priest but do no damage.
Lightning courses through the orc priest!
You kill the orc priest!
Your Armour skill increases to level 5!
You hit the orc. Lightning courses through the orc!
You kill the orc!
Your Fighting skill increases to level 5!
Your shield and scale mail prevent you from hitting the goblin.
Your kick misses the goblin. You block the goblin's attack.
You hit the goblin. Your kick misses the goblin. You headbutt the goblin.
You kill the goblin!
You now have 77 gold pieces (gained 2).
Items here: ))) [[ †††
Items here: ))) [[ †††
Okay, then.
Are you sure you want to abandon this character and quit the game? (Confirm with "yes".)

########### #.........#
#.........#
#.#.######.........######
.........'........†'.....
.##.####.#.........######
#†########### #@#######
#........ #........
#.......[ #.####### #.#
#.# #.# #.# ##


There were no monsters in sight!

Vanquished Creatures
  Sigmund (D:2)
  An orc priest (D:3)
  Natasha (D:3)
  3 adders
  An ooze (D:2)
  2 worms
  A dart slug (D:2)
  2 leopard geckos
  2 orcs (D:3)
  5 bats
  2 giant cockroaches
  3 hobgoblins
  6 frilled lizards
  7 goblins
  8 kobolds
  3 rats
48 creatures vanquished.

Notes
Turn   | Place    | Note
-------+----------+-------------------------------------------
     0 | D:1      | Americanboy the Minotaur Fighter began the quest for the Orb.
     0 | D:1      | Reached XP level 1. HP: 19/19 MP: 0/0
   113 | D:1      | Reached XP level 2. HP: 27/27 MP: 1/1
   671 | D:2      | Reached XP level 3. HP: 21/33 MP: 2/2
   939 | D:2      | Noticed Sigmund
   955 | D:2      | Found a burning altar of Makhleb.
   961 | D:2      | Killed Sigmund
   961 | D:2      | Reached XP level 4. HP: 11/41 MP: 3/3
   961 | D:2      | Reached XP level 5. HP: 12/47 MP: 4/4
  1509 | D:3      | Reached skill level 1 in Dodging
  1571 | D:3      | Noticed Natasha
  1580 | D:3      | Gained mutation: You are frail. (-10% HP) [potion of mutation]
  1580 | D:3      | Gained mutation: You are dopey. (Int -2) [potion of mutation]
  1580 | D:3      | Lost mutation: You are dopey. (Int -2) [potion of mutation]
  1580 | D:3      | Gained mutation: You have sharp toenails. [potion of mutation]
  1585 | D:3      | Killed Natasha
  1585 | D:3      | Reached XP level 6. HP: 13/49 MP: 5/5
  1591 | D:3      | Reached skill level 5 in Armour
  1592 | D:3      | Reached skill level 5 in Fighting
  1599 | D:3      | Quit the game

Skill      XL: |  1  2  3  4  5  6 |
---------------+-------------------+-----
Shields        | 4 |  4.6
Armour         | 4 5 |  5.0
Fighting       | 4 5 |  5.0
Axes           | 3 4 |  4.9
Dodging        | 1 |  1.3
Short Blades   | |  0.8

Action                   |  1- 3 |  4- 6 || total
-------------------------+-------+-------++-------
Melee: War axe           |    61 |    18 ||    79
       Headbutt          |     9 |     7 ||    16
       Dagger            |       |    26 ||    26
       Kick              |       |     1 ||     1
  Use: Scroll            |     5 |     1 ||     6
       Potion            |     2 |     2 ||     4
  Eat: Ration            |       |     1 ||     1
Armor: Scale mail        |    23 |     8 ||    31
Dodge: Dodged            |    28 |     9 ||    37
Block: Shield            |    37 |    28 ||    65
